[Event "EICC 2025"]
[Site "Eforie-Nord"]
[Date "2025.03.15"]
[Round "1.1"]
[White "Petrov, Nikita"]
[Black "Ciorgovean, Iustin"]
[Result "1-0"]
[Annotator "TA"]
[ECO "D39"]
[WhiteElo "2588"]
[BlackElo "2267"]
[PlyCount "43"]
[EventDate "2025.03.14"]
[EventType "swiss"]
[EventCountry "ROU"]
[SourceTitle "playchess.com"]
[Source "ChessBase"]
[SourceQuality "1"]
[TimeControl "40/5400+30:1800+30"]

1. d4 Nf6 2. c4 e6 3. Nf3 d5 4. Nc3 Bb4 5. Bg5 dxc4 6. e4 h6 7. Bxf6 Qxf6 8. Bxc4 c5 9. O-O {[%emt 0:04:08] D39: Queen's Gambit Declined: Ragozin Defence with 5 Bg5 dxc4.} cxd4 10. e5 Qd8 11. Ne4 {[%emt 0:00:28][%cal Od1b3][%mdl 1024] The position is equal. White has compensation.} O-O 12. Qe2 {[%emt 0:02:50] White sacrificed a pawn} Be7 13. Ng3 $5 {[%emt 0:02:49][%mdl 4] Leaves trodden paths.} (13. Rad1 $14) 13... Bd7 14. Rad1 Bc6 $146 (14... Nc6 $11) (14... Qc7 15. Bd3 Bc6 16. Nxd4 Rd8 17. Bb1 Nd7 18. f4 Bc5 19. Kh1 Bxd4 20. Rxd4 Nf8 {½-½ Mamedyarov,S (2782)-Mekhitarian,K (2554) FIDE World Cup 2021 (2.1)}) 15. Nxd4 $16 {[%emt 0:01:26] White is more active.} Qa5 16. Nh5 {[%emt 0:14:56] Threatens to win with Qg4.} Rd8 $2 (16... Kh8 $16 {was worth a try.}) 17. Qg4 $2 (17. b4 $18 {is more deadly.} Qc7 18. Nxe6 fxe6 19. Qg4 Qxe5 (19... Bxb4 20. Rxd8+ Bf8 21. Nf6+ Kf7 22. Qxe6+ Kg6 23. Qg4#) 20. f4 Qe3+ 21. Kh1) 17... Qxe5 {[%emt 0:04:37] [#]} 18. Nxe6 fxe6 $4 {[%emt 0:15:06][%mdl 8192] [#]} (18... Rxd1 $16 19. Rxd1 Nd7 (19... fxe6 20. f4 $11)) 19. f4 $1 $18 Qe3+ 20. Kh1 g5 21. Rde1 (21. Qxe6+ Qxe6 22. Rxd8+ Bxd8 $16) 21... Bxg2+ 22. Kxg2 {[%emt 0:02:05] Weighted Error Value: White=0.24 (precise) /Black=1.42  Loses game:     	---       	Black=2      Missed win:     	White=1     	---        Mistake:       	White=1     	Black=1      Inaccurate:     	---       	Black=2      OK:         	White=3     	Black=3      Best:        	White=1     	---        Strong:       	White=1     	---} 1-0

[Event "EICC 2025"]
[Site "Eforie-Nord"]
[Date "2025.03.15"]
[Round "1.1"]
[White "Kistrup, Nicolai"]
[Black "Deac, Bogdan-Daniel"]
[Result "1/2-1/2"]
[Annotator "TA"]
[ECO "C10"]
[WhiteElo "2356"]
[BlackElo "2692"]
[PlyCount "88"]
[EventDate "2025.03.14"]
[EventType "swiss"]
[EventCountry "ROU"]
[SourceTitle "playchess.com"]
[Source "ChessBase"]
[SourceQuality "1"]
[TimeControl "40/5400+30:1800+30"]

1. e4 e6 2. d4 d5 3. Nc3 a6 4. Nf3 Nf6 5. Bd3 c5 6. exd5 {[%emt 0:04:59] C10: French with 3 Nc3: Unusual Black 3rd moves and 3...dxe4.} exd5 7. dxc5 Bxc5 8. O-O O-O 9. Bg5 Be6 $1 10. Qd2 Re8 11. Rfe1 {[%emt 0:11:47] [#] Threatens to win with Bxf6.} Nbd7 12. Rad1 h6 13. Bh4 {[%emt 0:08:21] A sharp opening} Rc8 $146 ({Predecessor:} 13... Ba7 14. Ne5 Qb6 15. Na4 Qc7 16. Nxd7 Nxd7 17. Bg3 Qc6 18. b3 Rac8 19. Nb2 Nc5 20. c4 Nxd3 21. Qxd3 Bg4 22. Rxe8+ Rxe8 23. Rc1 Qf6 24. Qc3 Qxc3 {0-1 Robers,F-Huber,K KO-23413 freechess.de 2022}) 14. a3 Qc7 15. Bg3 Qc6 16. Ne2 Bg4 17. Qf4 $1 Qb6 18. b4 $132 {[%emt 0:01:22][%mdl 2048] White has counterplay} Bf8 19. h3 Bh5 20. Ned4 g5 21. Nxg5 Bxd1 22. Rxd1 (22. Bh7+ $2 Kh8 23. Nxf7+ Kxh7 $19) 22... Ne5 23. Nde6 Rxe6 ({Better is} 23... hxg5 $17 24. Qxg5+ Ng6 25. Nxf8 Kxf8 26. Qh6+ Kg8 (26... Ke7 27. Bxg6 fxg6 28. Qg7+ Kd8 29. Bh4 $11) 27. Bxg6 fxg6 28. Qxg6+ Kf8) 24. Nxe6 $11 {[%emt 0:00:16] The position is equal.} Nxd3 25. Qxf6 Qxe6 {[%emt 0:00:33] Successful Defense Black} 26. Qxe6 fxe6 27. Rxd3 Rxc2 $17 {[%emt 0:00:02][%mdl 4096] Endgame KRB-KRB} 28. Be5 b6 29. Bd4 b5 30. Be5 Rc1+ 31. Kh2 Rc4 32. g4 a5 33. bxa5 Ra4 34. Bc7 Bxa3 35. Rb3 Bc5 36. Rxb5 Bxf2 37. Be5 Be3 38. Kg2 Kf7 39. Kf3 Bd2 40. Rb7+ Ke8 41. Rb8+ Kd7 42. Rb7+ Ke8 43. Rb8+ Kd7 44. Rb7+ Ke8 {[%emt 0:00:00] Weighted Error Value: White=0.07 (flawless) /Black=0.07 (flawless)   Mistake:       	White=1     	Black=1      Inaccurate:     	White=1     	---        OK:         	White=15    	Black=16     Best:        	White=1     	Black=4      Strong:       	White=1     	Black=1} 1/2-1/2

[Event "EICC 2025"]
[Site "Eforie-Nord"]
[Date "2025.03.15"]
[Round "1.2"]
[White "Sarana, Alexey"]
[Black "Sanduleac, Vasile"]
[Result "1-0"]
[Annotator "TA"]
[ECO "A40"]
[WhiteElo "2689"]
[BlackElo "2351"]
[PlyCount "87"]
[EventDate "2025.03.14"]
[EventType "swiss"]
[EventCountry "ROU"]
[SourceTitle "playchess.com"]
[Source "ChessBase"]
[SourceQuality "1"]
[TimeControl "40/5400+30:1800+30"]

1. d4 g6 2. c4 Bg7 3. e4 Nc6 4. Nf3 d6 5. d5 Ne5 6. Nxe5 {[%emt 0:00:48] A40: Unusual replies to 1 d4.} Bxe5 7. h4 $146 (7. Nc3 $14) (7. Be2 Bg7 8. Nc3 Nf6 9. O-O O-O 10. Be3 e5 11. c5 h5 12. f3 Kh7 13. cxd6 cxd6 14. Rc1 Bh6 15. Qd2 Bxe3+ 16. Qxe3 Bd7 17. b4 a5 18. b5 Kg7 19. Na4 {0-1 Bluebaum,M (2672)-Nakamura,H (2736) Speed Chess Super Swiss blitz 2020 (5)}) 7... h5 8. Bd3 {[%emt 0:01:51] The position is equal.} Bg7 9. Nc3 Nf6 10. Bg5 c6 11. Qd2 Qa5 12. O-O Qc7 13. Rac1 O-O 14. f3 Bd7 15. dxc6 Bxc6 16. Nd5 Bxd5 17. cxd5 Qd8 18. Qb4 {[%emt 0:03:32][%cal Od3e2] White is much more active. Black is weak on the light squares} Nd7 19. Qxb7 ({Better is} 19. Be2 $14) 19... Nc5 {[%emt 0:00:18] [#]} (19... Bd4+ $1 $11 20. Kh2 Rb8) 20. Rxc5 $1 $14 dxc5 21. Bxe7 (21. Qxe7 Qb6 22. Be3 Qxb2 23. Qxc5 Rfc8 $15) 21... Qb8 (21... Bd4+ $14 22. Kh1 Rb8 23. Qxa7 Ra8) 22. Qxb8 $1 $16 Rfxb8 23. b3 (23. Bxc5 Rxb2 24. Rf2 Rc8 25. Rxb2 (25. Bxa7 Rc1+ 26. Rf1 Rxf1+ 27. Kxf1 Rxa2 $11) 25... Bxb2 $14) 23... Bd4+ 24. Kh2 Rb7 25. Bd6 a5 26. Bc4 a4 27. Rc1 axb3 28. Bxb3 {[%emt 0:00:06][%cal Oh2h3] A strong pair of Bishops.} Ra6 29. Bf4 Kf8 30. Kh3 (30. e5 $1 $16) 30... f6 $14 31. Rc2 Ke7 32. g4 hxg4+ 33. Kxg4 Kf8 (33... Kd8 $11 {remains equal.}) 34. Bg3 (34. h5 $16 gxh5+ 35. Kxh5) 34... Rh7 35. Re2 Re7 (35... Rb6 $14) 36. Kh3 Rh7 37. Kg2 Rb6 38. f4 Rd7 39. Kf3 f5 $2 {[%emt 0:02:39] Black cannot hold the game after this.} (39... Ra6 $16 {was necessary.}) 40. e5 $18 Rxb3+ 41. axb3 {[%emt 0:30:03] Strongly threatening d6.} Rxd5 {[%emt 0:30:04] [#]} 42. h5 $1 gxh5 {[%emt 0:00:06] [#]} (42... Rd7 43. hxg6) 43. Rh2 $1 Ba1 44. Ke2 {[%emt 0:00:31] Prevents Rd3.   Weighted Error Value: White=0.12 (very precise) /Black=0.22 (precise)   Loses game:     	---       	Black=1      Mistake:       	White=4     	Black=4      Inaccurate:     	White=4     	Black=6      OK:         	White=12    	Black=9      Best:        	White=2     	Black=4      Strong:       	White=2     	---        Brilliant:      	White=2     	---} ({Weaker is} 44. Rxh5 Rd3+ 45. Kg2 Ke8 46. Rxf5 Rxb3 $18) 1-0

[Event "EICC 2025"]
[Site "Eforie-Nord"]
[Date "2025.03.15"]
[Round "1.2"]
[White "Aydin, Gulenay"]
[Black "Andersen, Mads"]
[Result "0-1"]
[Annotator "TA"]
[ECO "B81"]
[WhiteElo "2265"]
[BlackElo "2585"]
[PlyCount "96"]
[EventDate "2025.03.14"]
[EventType "swiss"]
[EventCountry "ROU"]
[SourceTitle "playchess.com"]
[Source "ChessBase"]
[SourceQuality "1"]
[TimeControl "40/5400+30:1800+30"]

1. e4 c5 2. Nf3 d6 3. d4 cxd4 4. Nxd4 Nf6 5. Nc3 a6 6. h3 e6 7. g4 Be7 {[%emt 0:00:08] B81: Sicilian Scheveningen: Keres Attack.} 8. g5 Nfd7 9. Bg2 Nc6 {[%emt 0:05:55] White has an edge.} (9... Bxg5 $6 10. Nxe6 fxe6 11. Qh5+ (11. Qxd6 $2 Qe7 $19) 11... g6 12. Qxg5 $16) 10. h4 Qb6 {[%emt 0:09:49] is the legacy move (10...0-0).} 11. Nb3 Qc7 12. Be3 b5 13. a3 $146 (13. Qe2 Bb7 14. O-O-O Nb6 15. f4 Nc4 16. Bf2 Rc8 17. f5 N6e5 18. Nd4 Nxb2 19. Ncxb5 Nbd3+ 20. Rxd3 Nxd3+ 21. Qxd3 axb5 22. fxe6 {0-1 Souza dos Santos,M (1959)-Wu,C (2347) Titled Tuesday intern op 27th Oct blitz 2020 (1)}) 13... Nb6 14. Qe2 Rb8 15. O-O-O Nc4 16. f4 N6a5 17. Nxa5 Qxa5 (17... Nxe3 18. Qxe3 Qxa5 19. Qd2 Qb6) 18. f5 d5 {[%emt 0:10:25][%cal Oe7a3] [#]} 19. Nb1 (19. exd5 Bxa3 20. Kb1 Bxb2 $17 (20... Nxb2 21. dxe6 Nxd1 22. Bc6+ Kf8 23. Nxd1 $11)) 19... b4 20. a4 b3 (20... exf5 21. exd5 Qc7 (21... Nxe3 $2 22. Qxe3 Qb6 23. Qe5 $18) 22. Bd4 $16) (20... Qxa4 $15 21. fxe6 (21. exd5 Qa2 $15) 21... O-O (21... Bxe6 22. exd5 b3 23. dxe6 $15) (21... fxe6 22. b3 $14) 22. exd5 Qa2) 21. c3 $1 $11 Nxe3 22. Qxe3 O-O (22... Qxa4 23. exd5 Qg4 24. Be4 $16 (24. Bh3 Qxh4 25. f6 gxf6 $16)) 23. exd5 (23. f6 {feels hotter.} Qc5 24. Qd3 Bd6 25. fxg7 Rd8 26. Rhf1) 23... Bc5 ({Black should try} 23... Qc5 $1 $14 24. Qxc5 Bxc5) 24. Qe5 $16 Bb7 25. fxe6 fxe6 26. Qxe6+ ({White should try} 26. h5 $16 {And now h6 would win.} Qxa4 27. Rhe1) 26... Kh8 $132 {[%emt 0:00:01][%cal Ob8e8][%mdl 2048] Black is not keeping still} 27. Rhe1 Qxa4 28. Qe4 Qb5 29. Bf1 Bxd5 30. Qxd5 (30. Bxb5 {simplifies} Bxe4 31. Rxe4 Rxb5 32. Nd2) 30... Rxf1 31. Na3 $2 {[%emt 0:00:38][%mdl 8192] [#] White does not recover from this.} (31. Nd2 $11 Rf2 32. Re5) 31... Be3+ $1 $19 32. Rxe3 Qxd5 33. Rxf1 Rd8 34. Re2 {[%emt 0:01:04] Wards off Qd2+} Kg8 35. Rfe1 Qf7 36. Nb1 a5 37. Nd2 a4 38. Re7 Qf5 39. Re8+ Rxe8 {[%emt 0:00:27] Black is clearly winning.} 40. Rxe8+ {[%emt 0:00:02][%mdl 4096] Endgame KQ-KRN} Kf7 41. Re4 Qh3 {[%emt 0:06:31] ( -> ...Qh1+)} 42. Kd1 Qh1+ ({Much less strong is} 42... a3 43. bxa3 Qxc3 44. Rb4 $19) 43. Ke2 Qa1 (43... a3 44. bxa3 b2 45. Rb4 $19) 44. Nc4 Kg6 {[%emt 0:03:46][%cal Oa4a3] and ...a3! would now be decisive} 45. Nd2 (45. Kd3 $142) 45... Kh5 46. Rb4 Qxb2 47. Rxa4 Qc2 48. Rb4 b2 {[%emt 0:00:14] Weighted Error Value: White=0.40/Black=0.15 (very precise)   Loses game:     	White=1     	---        Mistake:       	White=2     	Black=2      Inaccurate:     	White=4     	Black=1      OK:         	White=13    	Black=21     Best:        	White=3     	Black=3      Strong:       	White=1     	---        Brilliant:      	---       	Black=1} 0-1

[Event "EICC 2025"]
[Site "Eforie-Nord"]
[Date "2025.03.15"]
[Round "1.3"]
[White "Muradli, Mahammad"]
[Black "Manea, Alexandru"]
[Result "1-0"]
[Annotator "TA"]
[ECO "E11"]
[WhiteElo "2584"]
[BlackElo "2260"]
[PlyCount "83"]
[EventDate "2025.03.14"]
[EventType "swiss"]
[EventCountry "ROU"]
[SourceTitle "playchess.com"]
[Source "ChessBase"]
[SourceQuality "1"]
[TimeControl "40/5400+30:1800+30"]

1. d4 e6 2. c4 Bb4+ 3. Nd2 d5 4. e3 Nf6 5. Ngf3 O-O 6. a3 Be7 7. b4 {[%emt 0:04:28] is cutting edge theory.} b6 {[%emt 0:14:39] E11: Bogo-Indian.} 8. c5 a5 9. Bb2 c6 {[%emt 0:00:50] The position is equal.} 10. Bc3 $146 (10. Be2 Ba6 11. O-O Qc8 12. cxb6 Nbd7 13. bxa5 Bxe2 14. Qxe2 Rxa5 15. Bc3 Rxa3 16. Rxa3 Bxa3 {1-0 Nabaty,T (2630)-Stefansson,H (2471) Olympiad-45 Budapest 2024 (7.3)}) 10... Nbd7 11. Qc2 Ba6 12. Bxa6 Rxa6 13. O-O Qa8 14. Rfc1 Rb8 15. Ne1 Qb7 16. Nd3 {[%emt 0:03:46] Threatening cxb6.} axb4 17. axb4 Rxa1 18. Rxa1 Ra8 19. Ra4 Ne8 20. Qa2 Rxa4 21. Qxa4 Nc7 22. Nb3 Nb5 23. Be1 Qa7 $2 {[%emt 0:25:19] Black is on the road to losing.} (23... Qc8 $11 {and Black has nothing to worry.}) 24. Qxa7 $18 Nxa7 {[%emt 0:00:01] [#]} 25. Ne5 $1 Nb8 (25... Nxe5 $2 26. cxb6 Nb5 27. dxe5 $18) 26. cxb6 Nc8 27. b7 Nd6 28. Nc5 f6 29. Ned3 Kf7 30. f3 Nb5 31. Nf4 e5 32. dxe5 fxe5 33. Nfd3 Bd6 34. Bg3 Kf6 35. Kf1 Kf5 (35... Na3 {might work better.} 36. e4 g5) 36. e4+ Kf6 37. f4 exf4 38. e5+ ({Don't take} 38. Nxf4 Ke7 39. e5 (39. exd5 g5 $18) 39... Bxc5 $18) (38. Bxf4 Bxf4 39. Nxf4 dxe4 40. Nh5+ (40. Nxe4+ $2 Ke5 $19) 40... Kf7 41. Nxe4 Nc7 $18) 38... Kf7 $2 (38... Bxe5 39. Nxe5 (39. Bxf4 Bxf4 40. Nxf4 h6 $18) (39. Nxf4 Kf7 $16) 39... Kxe5) 39. Bxf4 {[%emt 0:01:40] White is clearly winning.} ({Not} 39. Nxf4 Bxe5 40. h4 Bd6 $16 (40... g6 $2 41. Kf2 $18)) 39... Bc7 40. e6+ Ke7 41. Bxc7 Nxc7 {[%emt 0:30:08] [#]} 42. Nd7 $1 {[%emt 0:00:10][%mdl 512] Weighted Error Value: White=0.02 (flawless) /Black=0.34  Loses game:     	---       	Black=1      Mistake:       	---       	Black=2      Inaccurate:     	White=1     	Black=1      OK:         	White=15    	Black=16     Best:        	White=4     	Black=1      Strong:       	White=1     	---} 1-0

[Event "EICC 2025"]
[Site "Eforie-Nord"]
[Date "2025.03.15"]
[Round "1.3"]
[White "Goroshkov, Maksym"]
[Black "Van Foreest, Jorden"]
[Result "0-1"]
[Annotator "TA"]
[ECO "A01"]
[WhiteElo "2350"]
[BlackElo "2676"]
[PlyCount "63"]
[EventDate "2025.03.14"]
[EventType "swiss"]
[EventCountry "ROU"]
[SourceTitle "playchess.com"]
[Source "ChessBase"]
[SourceQuality "1"]
[TimeControl "40/5400+30:1800+30"]

1. b3 e5 2. Bb2 Nc6 3. c4 Nge7 4. e4 Ng6 5. g3 Bc5 6. Bg2 {[%emt 0:02:09] A01: Nimzowitsch-Larsen Opening.} d6 7. Ne2 $146 (7. h3 f5 8. Ne2 f4 9. d4 Nxd4 10. Nxd4 fxg3 11. fxg3 Qg5 12. O-O Qxg3 13. Qf3 Bxd4+ 14. Bxd4 Qxf3 15. Rxf3 {1-0 Raines,D (1242)-Zyskowski,K (1375) SE-2020-0-00322}) 7... h5 8. Nbc3 {[%emt 0:10:09] Black is better.} h4 {[%emt 0:00:39] Black is more active.} 9. Nd5 Bg4 10. h3 {[%emt 0:04:47] [#]} (10. Rg1 $17) 10... hxg3 $1 $19 11. fxg3 {[%emt 0:04:49] [#]} Bh5 (11... Nh4 $1 $19 12. Kf1 Be6) 12. b4 Bd4 (12... Bxb4 13. Nxb4 Nxb4 14. O-O $15) 13. Bc3 {[%emt 0:00:31] [#]} (13. Qb3 $17) 13... Nf4 $1 14. Ndxf4 (14. gxf4 $2 Qh4+) 14... exf4 15. Nxd4 (15. Bxd4 $2 Nxd4 (15... Nxb4 $2 16. Qa4+ Qd7 17. Qxd7+ Kxd7 18. g4 $18) 16. Nxd4 Bxd1 $19) (15. Qb3 {might work better.} Bxe2 16. Kxe2) 15... Bxd1 {[%emt 0:00:32] Black is clearly winning.} 16. Rxd1 Nxd4 (16... fxg3 17. Nxc6 bxc6 18. Bxg7 $19) 17. Bxd4 Qg5 ({Less strong is} 17... fxg3 18. Bxg7 Rh7 19. Bc3 $19) 18. g4 c5 19. Bf2 cxb4 20. Bf3 Rc8 21. d3 b5 22. h4 Qf6 23. cxb5 Rc2 24. O-O Rxa2 25. e5 dxe5 {[%emt 0:00:05] Strongly threatening ...Rxh4.} ({Stronger than} 25... Qxe5 26. Rfe1 $11) 26. Bc6+ Kf8 27. Bd5 {[%emt 0:00:49] [#]} Rxf2 $1 28. Rxf2 Qxh4 {[%emt 0:00:26][%cal Oe5e4] ( -> ...e4!)} 29. Bf3 Qg3+ 30. Kf1 Rh2 31. Rxh2 Qxh2 32. Rc1 {[%emt 0:00:05] Weighted Error Value: White=1.14/Black=0.10 (very precise)   Mistake:       	White=3     	Black=1      Inaccurate:     	White=2     	Black=1      OK:         	White=2     	Black=7      Best:        	---       	Black=2      Strong:       	---       	Black=1} 0-1

[Event "EICC 2025"]
[Site "Eforie-Nord"]
[Date "2025.03.15"]
[Round "1.4"]
[White "Sargsyan, Shant"]
[Black "Skytte, Rasmus"]
[Result "1-0"]
[Annotator "TA"]
[ECO "D26"]
[WhiteElo "2666"]
[BlackElo "2343"]
[PlyCount "85"]
[EventDate "2025.03.14"]
[EventType "swiss"]
[EventCountry "ROU"]
[SourceTitle "playchess.com"]
[Source "ChessBase"]
[SourceQuality "1"]
[TimeControl "40/5400+30:1800+30"]

1. d4 d5 2. c4 dxc4 3. Nf3 Nf6 4. e3 e6 5. Bxc4 Be7 6. O-O O-O 7. Qe2 c5 {[%emt 0:00:14] D26: Queen's Gambit Accepted: 4 e3 e6 5 Bxc5 c5 sidelines.} 8. dxc5 Bxc5 9. e4 Nc6 {[%emt 0:00:16] White is slightly better.} 10. Nc3 e5 11. Rd1 Nd4 12. Nxd4 (12. Nxe5 $2 Nxe2+ 13. Bxe2 Qe7 $19) 12... Bxd4 13. Be3 Qb6 14. Na4 Qc7 $146 {[%emt 0:04:23] ...Bxe3 would now be deadly.} ({Predecessor:} 14... Qb4 15. Bxd4 exd4 16. Rxd4 Be6 17. Rad1 Bxc4 18. Rxc4 Qe7 19. Rcd4 h6 20. e5 Nh7 {1-0 Peraza Balleste,O-Ziegert,A DESC D0738 email 2015}) 15. Rac1 Bxe3 16. Qxe3 Qe7 17. Qc5 Qxc5 18. Nxc5 b6 19. Nd3 {[%emt 0:00:49] White has more active pieces. The black rooks are passive.} Re8 20. f3 Bb7 21. Kf2 Kf8 22. Ke3 Re7 23. Bb5 Rd8 24. Rd2 Ne8 25. a4 f6 26. h4 (26. Nb4 Rxd2 27. Kxd2 Rc7 28. Rc3) 26... Nc7 (26... Rd4 27. Nf2 Rxd2 28. Kxd2 Nc7) 27. Bc4 (27. Nb4 Rxd2 28. Kxd2 a5 29. Nd3) 27... Red7 (27... Rd4 28. Ne1 Rxd2 29. Kxd2 Ne8) 28. b4 Rd4 29. b5 Ne8 30. Bb3 {[%emt 0:04:16][%cal Bc4b3,Bb3d1,Bd1f3][%mdl 32] [#]} f5 31. Rdd1 $14 (31. exf5 e4 32. fxe4 Rxe4+ (32... Bxe4 33. Nf4 $15) 33. Kf2 Red4 $19) 31... fxe4 32. Nxe5 Rxd1 33. Bxd1 (33. Rxd1 {simplifies} Rxd1 34. Bxd1 Nd6 35. g4) 33... Nf6 34. fxe4 Bxe4 35. g4 {[%emt 0:01:04] g5 would now be deadly.} Bg6 (35... Bb7 $11 {remains equal.}) 36. Bf3 Nd7 (36... Nd5+ $16 37. Kf2 Bf7 38. Nxf7 Kxf7 39. Bxd5+ Rxd5) 37. Nxg6+ $18 hxg6 {[%emt 0:00:08][%mdl 4096] Endgame KRB-KRN} 38. Rc7 Nc5 39. Rxa7 Rd3+ 40. Kf4 Rd4+ {[%emt 0:00:58] [#]} 41. Ke5 $1 ({Weaker is} 41. Kg5 Nd7 $11) 41... Rxa4 42. Rxa4 Nxa4 43. Kd6 {[%emt 0:00:00] Weighted Error Value: White=0.06 (flawless) /Black=0.15 (very precise)   Mistake:       	---       	Black=3      Inaccurate:     	White=2     	Black=1      OK:         	White=13    	Black=11     Best:        	White=6     	Black=4      Strong:       	White=1     	---} 1-0

[Event "EICC 2025"]
[Site "Eforie-Nord"]
[Date "2025.03.15"]
[Round "1.4"]
[White "Antal, Hunor-Zoltan"]
[Black "Nisipeanu, Liviu-Dieter"]
[Result "1/2-1/2"]
[Annotator "TA"]
[ECO "B12"]
[WhiteElo "2258"]
[BlackElo "2584"]
[PlyCount "87"]
[EventDate "2025.03.14"]
[EventType "swiss"]
[EventCountry "ROU"]
[SourceTitle "playchess.com"]
[Source "ChessBase"]
[SourceQuality "1"]
[TimeControl "40/5400+30:1800+30"]

1. e4 c6 2. d4 d5 3. e5 Bf5 4. Nf3 e6 5. Be2 Nd7 6. O-O a5 {[%emt 0:00:03] B12: Caro-Kann: Advance Variation.} 7. c3 a4 8. Be3 Nh6 {[%emt 0:08:29] White has an edge.} 9. Nbd2 Bg6 10. Ne1 $146 (10. Bg5 Qc7 11. c4 dxc4 12. Nxc4 Nb6 13. Rc1 Be4 14. Nfd2 Bd5 15. Bf3 Nf5 16. Bxd5 Nxd5 {1-0 Backiel,H (1701)-Wojdak,J (2137) POL-ch Rapid U18 2023 (8)}) 10... Nf5 11. Bf4 c5 12. Ndf3 cxd4 13. cxd4 Qb6 14. Nc2 Be7 15. Qd2 O-O 16. Rfc1 Nb8 (16... Qxb2 $2 17. Rcb1 $18) 17. Ne3 Nc6 18. Nxf5 Bxf5 19. Be3 a3 20. b3 Rfc8 21. Bd3 Bg4 22. Ne1 Bb4 (22... Nxd4 $2 23. Bxd4 Qd8 24. Rxc8 Rxc8 25. Rc1 $18) 23. Qc2 g6 (23... Nxd4 $2 24. Qxc8+ Rxc8 25. Rxc8+ Bf8 26. Nc2 $18) 24. f3 Bf5 $36 {[%emt 0:06:51][%mdl 2048] Black is pushing.} (24... Nxd4 $2 25. Qf2 (25. fxg4 $2 Rxc2 26. Nxc2 Bc5 $19) (25. Qxc8+ Rxc8 26. Rxc8+ Kg7 $18) 25... Bxe1 (25... Rxc1 $2 26. Rxc1 Qd8 27. Bxd4 $18) 26. Rxe1 $18) (24... Nxe5 $6 25. Qe2 Nxd3 26. Nxd3 $16) 25. Bxf5 {[%emt 0:00:53] [#] aiming for Bd3.} Ne7 26. Qd3 Nxf5 27. Bf2 Bf8 28. Qd2 h5 29. Rxc8 Rxc8 30. Rc1 $2 {[%emt 0:00:09] [#]} (30. Nd3 $11 {and White has nothing to worry.}) 30... Rxc1 $19 31. Qxc1 Qb5 $2 (31... Nxd4 $19 {and ...Ne2+ should not be overlooked} 32. Qd1 Bc5) 32. Qc2 Bh6 33. Nd3 Be3 ({Black should try} 33... Qa5 $1 $15) 34. Bxe3 $11 {[%emt 0:00:15] The position is equal.} Nxe3 {[%emt 0:00:04][%mdl 4096] Endgame KQN-KQN} 35. Qc3 Kg7 36. g3 Nf5 37. Kf2 Ne7 38. Nb4 Nc6 39. Nxc6 bxc6 40. h4 Qa6 41. Ke1 Qb5 42. g4 Qb6 43. Kf2 Qd8 44. g5 {[%emt 0:00:00] Weighted Error Value: White=0.15 (very precise) /Black=0.17 (very precise)   Missed win:     	---       	Black=1      Mistake:       	White=1     	Black=1      Inaccurate:     	White=4     	Black=3      OK:         	White=11    	Black=18     Best:        	White=2     	Black=1} 1/2-1/2